[ AOE2 MATCH · #504788017 ]
UnrankedTupi vs Bengalis
Player's team · LOSS
Rival team · WIN
[ REPLAY ANALYSIS · EXTRACTED FROM THE RECORDED GAME ]
Feudal
12:46
Castle
16:41
Imperial
—
| APM avg | 59.9 |
| APM peak | 100 |
| eAPM avg | 22.4 |
| Villagers / military | 61 / 5 |
Focus
⚔️ 23.3% · 🌾 76.7%
Unknown (2550) ×19 · Monk ×5
Feudal
11:16
Castle
14:56
Imperial
—
| APM avg | 81.9 |
| APM peak | 136 |
| eAPM avg | 53.1 |
| Villagers / military | 66 / 34 |
Focus
⚔️ 52.7% · 🌾 47.3%
Monk ×32 · Armored Elephant ×2
Match map
Initial resources + every placement click. Lines = walls · curves = elevation contours. ◆ gold · ⬟ stone · ● berries · ✦ relic · ◌ wall gap
Your base· Open — unwalled flank
Barış Manço's base· Open — unwalled flank
Smoothed initial terrain · ◌ = detected wall gap · hover for details
Inputs per minute
— EbolasRider - - Barış Manço
Build order — EbolasRider
First 150 of 155 actions detected
| 0:01 | Create | Villager (Male) |
| 0:01 | Create | Villager (Male) |
| 0:03 | Build | House |
| 0:04 | Build | House |
| 0:11 | Create | Villager (Male) |
| 0:18 | Create | Villager (Male) |
| 0:21 | Build | Barracks |
| 1:22 | Create | Unit 2550 |
| 1:36 | Create | Villager (Male) |
| 2:00 | Create | Unit 2550 |
| 2:06 | Research | Loom |
| 2:31 | Create | Unit 2550 |
| 2:38 | Create | Villager (Male) |
| 3:03 | Create | Unit 2550 |
| 3:19 | Create | Villager (Male) |
| 3:19 | Create | Villager (Male) |
| 3:25 | Build | House |
| 3:37 | Create | Villager (Male) |
| 3:58 | Create | Villager (Male) |
| 4:31 | Create | Villager (Male) |
| 4:49 | Build | House |
| 5:00 | Create | Villager (Male) |
| 5:14 | Create | Villager (Male) |
| 5:46 | Build | Settlement |
| 5:50 | Build | Settlement |
| 5:54 | Create | Villager (Male) |
| 5:57 | Create | Villager (Male) |
| 6:17 | Create | Villager (Male) |
| 6:52 | Create | Villager (Male) |
| 7:06 | Build | Settlement |
| 7:11 | Create | Villager (Male) |
| 7:44 | Create | Villager (Male) |
| 7:47 | Build | Farm |
| 7:56 | Create | Villager (Male) |
| 8:36 | Create | Villager (Male) |
| 8:50 | Create | Villager (Male) |
| 9:08 | Build | Settlement |
| 9:15 | Build | Settlement |
| 9:18 | Create | Villager (Male) |
| 9:40 | Build | Farm |
| 9:56 | Create | Villager (Male) |
| 9:59 | Build | Farm |
| 10:01 | Build | Farm |
| 10:26 | Build | Farm |
| 10:36 | Research | Feudal Age |
| 10:37 | Research | Feudal Age |
| 12:18 | Create | Villager (Male) |
| 12:46 | Age | Feudal Age |
| 12:52 | Build | Market |
| 12:59 | Create | Villager (Male) |
| 13:03 | Build | Blacksmith |
| 13:24 | Build | Farm |
| 13:36 | Create | Villager (Male) |
| 13:56 | Research | Castle Age |
| 14:10 | Create | Unit 2550 |
| 14:16 | Build | Settlement |
| 14:23 | Create | Unit 2550 |
| 14:41 | Build | Farm |
| 14:45 | Research | Double-Bit Axe |
| 15:01 | Create | Unit 2550 |
| 15:01 | Create | Unit 2550 |
| 15:29 | Build | Barracks |
| 15:36 | Build | Barracks |
| 15:38 | Create | Unit 2550 |
| 15:52 | Research | Scale Mail Armor |
| 15:55 | Research | Tech 1402 |
| 15:55 | Research | Tech 1402 |
| 16:11 | Build | Farm |
| 16:13 | Build | Farm |
| 16:14 | Research | Horse Collar |
| 16:29 | Build | Farm |
| 16:30 | Create | Unit 2550 |
| 16:41 | Age | Castle Age |
| 16:43 | Create | Unit 2550 |
| 16:50 | Build | Farm |
| 16:56 | Create | Villager (Male) |
| 17:04 | Build | Farm |
| 17:09 | Research | Squires |
| 17:16 | Create | Villager (Male) |
| 17:30 | Create | Villager (Male) |
| 17:51 | Create | Villager (Male) |
| 17:54 | Build | Monastery |
| 18:00 | Research | Tech 1351 |
| 18:05 | Research | Forging |
| 18:10 | Create | Villager (Male) |
| 18:15 | Build | Farm |
| 18:23 | Build | Farm |
| 18:45 | Create | Monk |
| 18:53 | Create | Villager (Male) |
| 19:06 | Build | Farm |
| 19:06 | Build | Farm |
| 19:07 | Create | Villager (Male) |
| 19:22 | Create | Unit 2550 |
| 19:22 | Create | Unit 2550 |
| 19:27 | Create | Villager (Male) |
| 19:29 | Build | House |
| 19:30 | Build | House |
| 19:33 | Research | Town Watch |
| 19:48 | Create | Unit 2550 |
| 20:04 | Create | Monk |
| 20:06 | Create | Unit 2550 |
| 20:15 | Create | Villager (Male) |
| 20:16 | Create | Villager (Male) |
| 20:22 | Create | Villager (Male) |
| 20:22 | Create | Villager (Male) |
| 20:23 | Build | Farm |
| 20:25 | Build | Farm |
| 20:30 | Build | Town Center |
| 20:30 | Create | Villager (Male) |
| 20:39 | Create | Unit 2550 |
| 20:39 | Create | Unit 2550 |
| 20:59 | Create | Unit 2550 |
| 21:10 | Create | Unit 2550 |
| 21:31 | Build | Farm |
| 21:31 | Build | Farm |
| 21:39 | Create | Villager (Male) |
| 21:47 | Create | Monk |
| 21:50 | Create | Villager (Male) |
| 22:09 | Create | Villager (Male) |
| 22:18 | Create | Villager (Male) |
| 22:24 | Build | Town Center |
| 22:33 | Build | House |
| 22:36 | Build | House |
| 22:38 | Create | Villager (Male) |
| 22:42 | Create | Villager (Male) |
| 22:44 | Create | Monk |
| 22:51 | Create | Villager (Male) |
| 23:15 | Create | Villager (Male) |
| 23:29 | Create | Villager (Male) |
| 23:34 | Create | Villager (Male) |
| 23:35 | Create | Villager (Male) |
| 23:37 | Build | House |
| 23:39 | Build | House |
| 23:41 | Build | Palisade Wall |
| 23:43 | Build | House |
| 23:46 | Build | House |
| 23:54 | Build | Farm |
| 23:55 | Build | Farm |
| 24:19 | Create | Villager (Male) |
| 24:32 | Build | Farm |
| 24:34 | Create | Villager (Male) |
| 24:36 | Build | Farm |
| 24:44 | Create | Villager (Male) |
| 24:44 | Create | Villager (Male) |
| 24:48 | Create | Villager (Male) |
| 24:51 | Create | Monk |
| 24:58 | Build | House |
| 25:01 | Build | House |
| 25:02 | Build | House |
| 25:04 | Build | Palisade Wall |
Build order — Barış Manço
First 150 of 179 actions detected
| 0:00 | Create | Villager (Male) |
| 0:00 | Create | Villager (Male) |
| 0:01 | Create | Villager (Male) |
| 0:02 | Build | House |
| 0:02 | Build | House |
| 0:03 | Create | Villager (Male) |
| 1:12 | Create | Villager (Male) |
| 1:47 | Build | Lumber Camp |
| 1:54 | Create | Villager (Male) |
| 2:07 | Create | Villager (Male) |
| 2:33 | Create | Villager (Male) |
| 2:57 | Create | Villager (Male) |
| 3:25 | Build | House |
| 3:28 | Create | Villager (Male) |
| 3:51 | Create | Villager (Male) |
| 4:16 | Build | Mill |
| 4:25 | Create | Villager (Male) |
| 4:56 | Create | Villager (Male) |
| 5:14 | Research | Loom |
| 5:18 | Create | Villager (Male) |
| 5:18 | Create | Villager (Male) |
| 5:19 | Create | Villager (Male) |
| 6:00 | Create | Villager (Male) |
| 6:19 | Build | Mill |
| 6:23 | Build | House |
| 7:04 | Create | Villager (Male) |
| 7:22 | Create | Villager (Male) |
| 7:48 | Create | Villager (Male) |
| 8:12 | Create | Villager (Male) |
| 8:31 | Build | Mining Camp |
| 9:06 | Research | Feudal Age |
| 9:51 | Build | House |
| 9:53 | Build | House |
| 9:54 | Create | Villager (Male) |
| 9:54 | Create | Villager (Male) |
| 10:17 | Build | Farm |
| 11:16 | Age | Feudal Age |
| 11:23 | Build | Market |
| 11:32 | Build | Blacksmith |
| 11:37 | Build | Farm |
| 12:16 | Research | Castle Age |
| 12:16 | Research | Castle Age |
| 12:48 | Research | Double-Bit Axe |
| 12:52 | Build | House |
| 13:43 | Create | Villager (Male) |
| 14:56 | Age | Castle Age |
| 14:58 | Build | Monastery |
| 14:59 | Build | Monastery |
| 15:04 | Research | Bow Saw |
| 15:07 | Create | Villager (Male) |
| 15:31 | Build | House |
| 15:31 | Build | House |
| 15:38 | Create | Monk |
| 15:39 | Create | Monk |
| 15:41 | Create | Villager (Male) |
| 15:42 | Build | Farm |
| 15:45 | Build | House |
| 15:55 | Build | Farm |
| 15:59 | Create | Monk |
| 15:59 | Create | Monk |
| 16:00 | Research | Herbal Medicine |
| 16:03 | Research | Sanctity |
| 16:03 | Research | Fervor |
| 16:15 | Create | Villager (Male) |
| 16:16 | Build | Farm |
| 16:21 | Build | House |
| 16:33 | Create | Villager (Male) |
| 16:36 | Create | Monk |
| 16:46 | Build | Farm |
| 16:48 | Create | Monk |
| 17:00 | Create | Monk |
| 17:12 | Build | Farm |
| 17:12 | Create | Villager (Male) |
| 17:13 | Create | Monk |
| 17:26 | Build | House |
| 17:27 | Build | House |
| 17:30 | Research | Fervor |
| 17:39 | Build | Town Center |
| 17:40 | Create | Villager (Male) |
| 17:42 | Create | Monk |
| 17:51 | Create | Monk |
| 17:55 | Create | Villager (Male) |
| 18:08 | Research | Redemption |
| 18:11 | Build | Farm |
| 18:11 | Create | Villager (Male) |
| 18:19 | Create | Monk |
| 18:25 | Build | House |
| 18:34 | Create | Villager (Male) |
| 18:43 | Create | Monk |
| 18:43 | Create | Monk |
| 18:50 | Build | Farm |
| 19:01 | Build | House |
| 19:13 | Create | Monk |
| 19:17 | Build | House |
| 19:20 | Build | Palisade Gate |
| 19:26 | Create | Villager (Male) |
| 19:28 | Build | Farm |
| 19:28 | Create | Monk |
| 19:41 | Create | Monk |
| 19:54 | Create | Monk |
| 20:16 | Create | Monk |
| 20:23 | Create | Villager (Male) |
| 20:25 | Build | Farm |
| 20:25 | Build | Farm |
| 20:27 | Build | Farm |
| 20:27 | Build | Farm |
| 20:27 | Build | Farm |
| 20:28 | Create | Monk |
| 20:28 | Create | Monk |
| 21:02 | Create | Villager (Male) |
| 21:03 | Create | Villager (Male) |
| 21:07 | Build | House |
| 21:07 | Build | House |
| 21:08 | Create | Villager (Male) |
| 21:08 | Create | Villager (Male) |
| 21:08 | Create | Villager (Male) |
| 21:16 | Create | Monk |
| 21:16 | Create | Villager (Male) |
| 21:16 | Create | Villager (Male) |
| 21:30 | Create | Monk |
| 21:31 | Create | Villager (Male) |
| 21:31 | Create | Villager (Male) |
| 21:31 | Create | Villager (Male) |
| 21:40 | Build | Town Center |
| 21:41 | Create | Villager (Male) |
| 21:48 | Create | Villager (Male) |
| 21:49 | Create | Villager (Male) |
| 22:06 | Research | Fervor |
| 22:11 | Create | Villager (Male) |
| 22:12 | Create | Villager (Male) |
| 22:12 | Create | Villager (Male) |
| 22:15 | Build | Farm |
| 22:19 | Research | Horse Collar |
| 22:23 | Create | Monk |
| 22:32 | Create | Monk |
| 23:01 | Research | Atonement |
| 23:01 | Research | Atonement |
| 23:18 | Create | Monk |
| 23:32 | Create | Monk |
| 23:33 | Create | Villager (Male) |
| 23:33 | Create | Villager (Male) |
| 23:33 | Create | Villager (Male) |
| 23:34 | Create | Villager (Male) |
| 23:34 | Create | Villager (Male) |
| 23:35 | Build | Farm |
| 23:36 | Build | Farm |
| 23:36 | Build | Farm |
| 23:37 | Build | Farm |
| 23:37 | Build | Farm |
| 23:42 | Create | Monk |
Match timeline
| 0:21 | EbolasRider · first_building Barracks |
| 11:16 | Barış Manço · age_up feudal |
| 12:10 | Barış Manço · first_market_sell 100 stone |
| 12:12 | Barış Manço · first_market_buy 100 food |
| 12:46 | EbolasRider · age_up feudal |
| 14:56 | Barış Manço · age_up castle |
| 14:58 | Barış Manço · first_building Monastery |
| 16:41 | EbolasRider · age_up castle |
| 16:58 | EbolasRider · first_market_buy 100 food |
| 17:32 | EbolasRider · first_market_sell 100 wood |
| 17:54 | EbolasRider · first_building Monastery |
| 23:41 | EbolasRider · wall_segment Palisade Wall x1 |
| 24:15 | Barış Manço · first_building Siege Workshop |
| 25:04 | EbolasRider · wall_segment Palisade Wall x1 |
| 25:56 | EbolasRider · resign |
[ AI ANALYSIS · 1 CREDIT ]
What really happened in this match?
Wolo.gg analyzes every decision: build order, eco, micro, common mistakes by bracket. Personalized analysis on WhatsApp or Discord in 30 seconds.
Civ guide
Tupi
Perfil
Jugador #4943664